PCL
SANTA MONICA BRUINS @ LAS VEGAS STARS
08/31/2023
 
TOP OF THE 1ST
Santa Monica Bruins batting - Pitching for Las Vegas Stars : RHP Tim Harmon
Pitching: RHP Tim Harmon
Batting: RHB Iván De Jesús 0-0: Called Strike
0-1: DOUBLE (Flyball, 7D)
Batting: RHB Salvador Salas 0-0: Called Strike
0-1: Ball
1-1: Ball
2-1: Foul Ball, location: 2F
2-2: Strikes out looking
Batting: LHB Germán Charfauros 0-0: Ball
Iván De Jesús is caught stealing 3rd base
1-0: Called Strike
1-1: Swinging Strike
1-2: Strikes out swinging
Top of the 1st over - 0 run(s), 1 hit(s), 0 error(s), 0 left on base; Santa Monica 0 - Las Vegas 0
BOTTOM OF THE 1ST
Las Vegas Stars batting - Pitching for Santa Monica Bruins : RHP Sloan Otto
Pitching: RHP Sloan Otto
Batting: RHB Vicente Salgado 0-0: Foul Ball, location: 2F
0-1: Ball
1-1: Ball
2-1: Ball
3-1: Called Strike
3-2: Base on Balls
Batting: RHB Ron Shelton 0-0: Ball
1-0: Ball
2-0: Called Strike
2-1: Swinging Strike
2-2: Ball
3-2: Base on Balls
Vicente Salgado to second
Batting: RHB Cole Bradley 0-0: Ball
1-0: Ball
2-0: Ball
3-0: Called Strike
3-1: Fly out, F8 (Flyball, 8LD)
Runner from 2nd tags up, SAFE at 3rd, no throw
Batting: RHB Jeremy Atkins 0-0: Foul Ball, location: 2F
0-1: Swinging Strike
0-2: Foul Ball, location: 2F
0-2: Strikes out swinging
Batting: LHB Evan Slootweg 0-0: Ball
1-0: Foul Ball, location: 2F
1-1: Foul Ball, location: 2F
1-2: Ball
2-2: 3-RUN HOME RUN (Line Drive, 9LD), Distance : 385 ft
Batting: LHB Eliot Helen 0-0: Swinging Strike
0-1: Ground out U3 (Groundball, 3S)
Bottom of the 1st over - 3 run(s), 1 hit(s), 0 error(s), 0 left on base; Santa Monica 0 - Las Vegas 3
TOP OF THE 2ND
Santa Monica Bruins batting - Pitching for Las Vegas Stars : RHP Tim Harmon
Batting: LHB Ken Poche 0-0: Called Strike
0-1: Ball
1-1: Swinging Strike
1-2: Strikes out swinging
Batting: RHB Danny Crouch 0-0: Called Strike
0-1: Ball
1-1: Foul Ball, location: 2F
1-2: Strikes out swinging
Batting: RHB Motoshige Yagi 0-0: Called Strike
0-1: Ball
1-1: Ground out 6-3 (Groundball, 6M)
Top of the 2nd over - 0 run(s), 0 hit(s), 0 error(s), 0 left on base; Santa Monica 0 - Las Vegas 3
BOTTOM OF THE 2ND
Las Vegas Stars batting - Pitching for Santa Monica Bruins : RHP Sloan Otto
Batting: LHB Parker Marshall 0-0: Ball
1-0: Called Strike
1-1: Ball
2-1: Ground out 1-3 (Groundball, 15)
Batting: SHB Santiago Farías 0-0: Fly out, F8 (Flyball, 78M)
Batting: RHB Bill McGrath 0-0: Ground out 5-3 (Groundball, 56S)
Bottom of the 2nd over - 0 run(s), 0 hit(s), 0 error(s), 0 left on base; Santa Monica 0 - Las Vegas 3
TOP OF THE 3RD
Santa Monica Bruins batting - Pitching for Las Vegas Stars : RHP Tim Harmon
Batting: LHB Matsusuke Yamasaki 0-0: Called Strike
0-1: Called Strike
0-2: Ground out 4-3 (Groundball, 4)
Batting: RHB Grant Jenkins 0-0: Called Strike
0-1: Ball
1-1: Called Strike
1-2: Strikes out swinging
Batting: RHB Armando Méndez 0-0: Swinging Strike
0-1: Ball
1-1: Foul Ball, location: 2F
1-2: Foul Ball, location: 2F
1-2: Strikes out swinging
Top of the 3rd over - 0 run(s), 0 hit(s), 0 error(s), 0 left on base; Santa Monica 0 - Las Vegas 3
BOTTOM OF THE 3RD
Las Vegas Stars batting - Pitching for Santa Monica Bruins : RHP Sloan Otto
Batting: RHB Vicente Salgado 0-0: Called Strike
0-1: Ball
1-1: Ball
2-1: Ball
3-1: Fly out, F8 (Line Drive, 8LS)
Batting: RHB Ron Shelton 0-0: Ball
1-0: Called Strike
1-1: Ground out 6-3 (Groundball, 6)
Batting: RHB Cole Bradley 0-0: Ball
1-0: Foul Ball, location: 2F
1-1: Ball
2-1: Swinging Strike
2-2: Ball
3-2: Foul Ball, location: 2F
3-2: Strikes out looking
Bottom of the 3rd over - 0 run(s), 0 hit(s), 0 error(s), 0 left on base; Santa Monica 0 - Las Vegas 3
TOP OF THE 4TH
Santa Monica Bruins batting - Pitching for Las Vegas Stars : RHP Tim Harmon
Batting: RHB Iván De Jesús 0-0: Called Strike
0-1: Ball
1-1: SINGLE (Line Drive, 7S)
Batting: RHB Salvador Salas 0-0: Called Strike
0-1: Ball
1-1: Ball
2-1: Called Strike
2-2: Grounds into double play, 6-4-3 (Groundball, 6)
Batting: LHB Germán Charfauros 0-0: Swinging Strike
0-1: Ground out 4-3 (Groundball, 4)
Top of the 4th over - 0 run(s), 1 hit(s), 0 error(s), 0 left on base; Santa Monica 0 - Las Vegas 3
BOTTOM OF THE 4TH
Las Vegas Stars batting - Pitching for Santa Monica Bruins : RHP Sloan Otto
Batting: RHB Jeremy Atkins 0-0: Foul Ball, location: 2F
0-1: Foul Ball, location: 2F
0-2: Strikes out swinging
Batting: LHB Evan Slootweg 0-0: Ball
1-0: Ball
2-0: Called Strike
2-1: Ball
3-1: Base on Balls
Batting: LHB Eliot Helen 0-0: Called Strike
0-1: Called Strike
0-2: Ball
1-2: Ball
2-2: TRIPLE (Flyball, 8RM)
Evan Slootweg scores
Batting: LHB Parker Marshall 0-0: Ball
1-0: Ball
2-0: Ball
3-0: Called Strike
3-1: Fly out, F7 (Flyball, 7M)
Batting: SHB Santiago Farías 0-0: Called Strike
0-1: Called Strike
0-2: Strikes out looking
Bottom of the 4th over - 1 run(s), 1 hit(s), 0 error(s), 1 left on base; Santa Monica 0 - Las Vegas 4
TOP OF THE 5TH
Santa Monica Bruins batting - Pitching for Las Vegas Stars : RHP Tim Harmon
Batting: LHB Ken Poche 0-0: Foul Ball, location: 2F
0-1: Ball
1-1: Foul Ball, location: 2F
1-2: Strikes out swinging
Batting: RHB Danny Crouch 0-0: Called Strike
0-1: Fly out, F9 (Flyball, 9S)
Batting: RHB Motoshige Yagi 0-0: Ball
1-0: Called Strike
1-1: Called Strike
1-2: Ball
2-2: Ground out 4-3 (Groundball, 4)
Top of the 5th over - 0 run(s), 0 hit(s), 0 error(s), 0 left on base; Santa Monica 0 - Las Vegas 4
BOTTOM OF THE 5TH
Las Vegas Stars batting - Pitching for Santa Monica Bruins : RHP Sloan Otto
Batting: RHB Bill McGrath 0-0: Foul Ball, location: 2F
0-1: Ball
1-1: Ball
2-1: Ball
3-1: Fly out, F9 (Popup, 9S)
Batting: RHB Vicente Salgado 0-0: Ball
1-0: Ball
2-0: Ball
3-0: Called Strike
3-1: Foul Ball, location: 2F
3-2: SINGLE (Groundball, 56D)
Batting: RHB Ron Shelton 0-0: Fly out, F6 (Popup, 6)
Batting: RHB Cole Bradley 0-0: Ball
1-0: Foul Ball, location: 2F
1-1: Ground out 6-3 (Groundball, 6)
Bottom of the 5th over - 0 run(s), 1 hit(s), 0 error(s), 1 left on base; Santa Monica 0 - Las Vegas 4
TOP OF THE 6TH
Santa Monica Bruins batting - Pitching for Las Vegas Stars : RHP Tim Harmon
Batting: LHB Matsusuke Yamasaki 0-0: Foul Ball, location: 2F
0-1: Swinging Strike
0-2: Ball
1-2: Strikes out swinging
Batting: RHB Grant Jenkins 0-0: Ball
1-0: Ball
2-0: Foul Ball, location: 2F
2-1: Swinging Strike
2-2: Strikes out looking
Batting: RHB Armando Méndez 0-0: Ball
1-0: Ball
2-0: Called Strike
2-1: Foul Ball, location: 2F
2-2: Fly out, F5 (Popup, 25)
Top of the 6th over - 0 run(s), 0 hit(s), 0 error(s), 0 left on base; Santa Monica 0 - Las Vegas 4
BOTTOM OF THE 6TH
Las Vegas Stars batting - Pitching for Santa Monica Bruins : RHP Sloan Otto
Batting: RHB Jeremy Atkins 0-0: Ball
1-0: Called Strike
1-1: Called Strike
1-2: Ball
2-2: Strikes out looking
Batting: LHB Evan Slootweg 0-0: Foul Ball, location: 2F
0-1: Ball
1-1: Foul Ball, location: 2F
1-2: Foul Ball, location: 2F
1-2: Ball
2-2: SOLO HOME RUN (Flyball, 89XD), Distance : 429 ft
Batting: LHB Eliot Helen 0-0: Ball
1-0: Ball
2-0: Ball
3-0: Called Strike
3-1: Fly out, F7 (Flyball, 78D)
Batting: LHB Parker Marshall 0-0: Ground out 4-3 (Groundball, 4)
Bottom of the 6th over - 1 run(s), 1 hit(s), 0 error(s), 0 left on base; Santa Monica 0 - Las Vegas 5
TOP OF THE 7TH
Santa Monica Bruins batting - Pitching for Las Vegas Stars : RHP Tim Harmon
Batting: RHB Iván De Jesús 0-0: Ball
1-0: Foul Ball, location: 2F
1-1: Ball
2-1: Ball
3-1: Base on Balls
Pitching: RHP Greg Schaefer
Batting: RHB Salvador Salas 0-0: SINGLE (Line Drive, 7LS)
Iván De Jesús to second
Batting: LHB Germán Charfauros 0-0: Foul Ball, location: 2F
0-1: Called Strike
Iván De Jesús steals 3rd base
Salvador Salas to second
0-2: SINGLE (Line Drive, 89S)
Iván De Jesús scores
Salvador Salas to third
Batting: LHB Ken Poche 0-0: Called Strike
0-1: Called Strike
0-2: Ball
1-2: Strikes out swinging
Batting: RHB Danny Crouch 0-0: Ball
1-0: Swinging Strike
1-1: SINGLE (Groundball, 6)
Salvador Salas scores
Germán Charfauros to second
Batting: RHB Motoshige Yagi 0-0: Ball
1-0: Ball
2-0: Swinging Strike
2-1: Ball
3-1: Fly out, F7 (Flyball, 7M)
Batting: LHB Matsusuke Yamasaki 0-0: Foul Ball, location: 2F
0-1: Swinging Strike
0-2: Strikes out swinging
Top of the 7th over - 2 run(s), 3 hit(s), 0 error(s), 2 left on base; Santa Monica 2 - Las Vegas 5
BOTTOM OF THE 7TH
Las Vegas Stars batting - Pitching for Santa Monica Bruins : RHP Sloan Otto
Pitching: RHP Estefan Jiménez
Batting: SHB Santiago Farías 0-0: Swinging Strike
0-1: Ball
1-1: Reached on error, E5 (Groundball, 56S)
Batting: RHB Bill McGrath 0-0: Ball
1-0: Foul Ball, location: 2F
1-1: Ball
2-1: Called Strike
2-2: Strikes out swinging
Batting: RHB Vicente Salgado 0-0: Called Strike
0-1: Called Strike
0-2: Ball
1-2: Strikes out swinging
Batting: RHB Ron Shelton 0-0: Called Strike
0-1: Ball
1-1: Ball
2-1: Ball
3-1: Called Strike
3-2: Foul Ball, location: 2F
3-2: Strikes out swinging
Bottom of the 7th over - 0 run(s), 0 hit(s), 1 error(s), 1 left on base; Santa Monica 2 - Las Vegas 5
TOP OF THE 8TH
Santa Monica Bruins batting - Pitching for Las Vegas Stars : RHP Greg Schaefer
Batting: RHB Grant Jenkins 0-0: Ball
1-0: Called Strike
1-1: Swinging Strike
1-2: Ball
2-2: Ball
3-2: Fly out, F7 (Flyball, 7M)
Batting: RHB Armando Méndez 0-0: Fly out, F8 (Flyball, 8LM)
Batting: RHB Iván De Jesús 0-0: Fly out, F9 (Flyball, 9S)
Top of the 8th over - 0 run(s), 0 hit(s), 0 error(s), 0 left on base; Santa Monica 2 - Las Vegas 5
BOTTOM OF THE 8TH
Las Vegas Stars batting - Pitching for Santa Monica Bruins : RHP Estefan Jiménez
Batting: RHB Cole Bradley 0-0: Foul Ball, location: 2F
0-1: Foul Ball, location: 2F
0-2: Ball
1-2: DOUBLE (Flyball, 8RD)
Batting: RHB Jeremy Atkins 0-0: Ground out 5-3 (Groundball, 15S)
Cole Bradley to third
Batting: LHB Evan Slootweg 0-0: Called Strike
0-1: SINGLE (Line Drive, 56D)
Cole Bradley scores
Batting: LHB Eliot Helen 0-0: Foul Ball, location: 2F
0-1: Swinging Strike
0-2: DOUBLE (Flyball, 8RXD)
Evan Slootweg to third
Batting: LHB Parker Marshall 0-0: Called Strike
0-1: Foul Ball, location: 2F
0-2: Ground out 4-3 (Groundball, 4S)
Evan Slootweg scores
Eliot Helen to third
Batting: SHB Santiago Farías 0-0: Called Strike
0-1: Ball
1-1: Foul Ball, location: 2F
1-2: Ground out 5-3 (Groundball, 5S)
Bottom of the 8th over - 2 run(s), 3 hit(s), 0 error(s), 1 left on base; Santa Monica 2 - Las Vegas 7
TOP OF THE 9TH
Santa Monica Bruins batting - Pitching for Las Vegas Stars : RHP Greg Schaefer
Batting: RHB Salvador Salas 0-0: Called Strike
0-1: Ball
1-1: Ball
2-1: Ball
3-1: Base on Balls
Batting: LHB Germán Charfauros 0-0: Called Strike
0-1: SINGLE (Line Drive, 34D)
Salvador Salas to second
Batting: LHB Ken Poche 0-0: Swinging Strike
0-1: Foul Ball, location: 2F
0-2: Ball
1-2: 3-RUN HOME RUN (Flyball, 89XD), Distance : 425 ft
Pitching: RHP John Corrigan
Batting: RHB Danny Crouch 0-0: Swinging Strike
0-1: Swinging Strike
0-2: Strikes out swinging
Batting: RHB Motoshige Yagi 0-0: Ball
1-0: Ball
2-0: SINGLE (Groundball, 4MD)
Batting: LHB Matsusuke Yamasaki 0-0: Ball
1-0: Ball
2-0: Foul Ball, location: 2F
2-1: SINGLE (Groundball, 6MD) (infield hit)
Motoshige Yagi to second
Pinch Hitting: LHB António Glaviz 0-0: Ball
1-0: Called Strike
1-1: Foul Ball, location: 2F
1-2: Foul Ball, location: 2F
1-2: DOUBLE (Line Drive, 78D)
Motoshige Yagi scores
Matsusuke Yamasaki to third
Runner from 3rd tries for Home, SAFE, throw made at trailing runner, SAFE at third!
Pinch Hitting: LHB Raúl Guerra 0-0: Intentional Walk
Pinch Hitting: RHB Beco Lombo 0-0: Ball
1-0: Called Strike
1-1: Swinging Strike
1-2: Ball
2-2: Ball
3-2: Strikes out swinging
Batting: RHB Salvador Salas 0-0: Called Strike
0-1: Ball
1-1: Fly out, F4 (Popup, 34D)
Top of the 9th over - 5 run(s), 5 hit(s), 0 error(s), 2 left on base; Santa Monica 7 - Las Vegas 7
BOTTOM OF THE 9TH
Las Vegas Stars batting - Pitching for Santa Monica Bruins : RHP Estefan Jiménez
Pitching: RHP Dae-hee Ch'oe
Now at C: Juan Sánchez
Now at 1B: Beco Lombo
Now at SS: Juan Acuña
Batting: RHB Bill McGrath 0-0: Called Strike
0-1: Ball
1-1: Ball
2-1: Ground out 4-3 (Groundball, 4M)
Pinch Hitting: LHB Juan Cabañas 0-0: Ball
1-0: Ball
2-0: Ball
3-0: Called Strike
3-1: Ground out 4-3 (Groundball, 4)
Batting: RHB Ron Shelton 0-0: Called Strike
0-1: Swinging Strike
0-2: Ball
1-2: Ball
2-2: Strikes out swinging
Bottom of the 9th over - 0 run(s), 0 hit(s), 0 error(s), 0 left on base; Santa Monica 7 - Las Vegas 7
TOP OF THE 10TH
Santa Monica Bruins batting - Pitching for Las Vegas Stars : RHP John Corrigan
Now at 3B: Orlando García
Batting: LHB Germán Charfauros 0-0: Ground out 5-3 (Groundball, 56)
Batting: LHB Ken Poche 0-0: Ball
1-0: Ball
2-0: Called Strike
2-1: Ball
3-1: Base on Balls
Batting: RHB Danny Crouch 0-0: Ball
Ken Poche is caught stealing 2nd base
1-0: Foul Ball, location: 2F
1-1: Ball
2-1: Foul Ball, location: 2F
2-2: SINGLE (Groundball, 25) (infield hit)
Batting: RHB Motoshige Yagi 0-0: Called Strike
Danny Crouch steals 2nd base
0-1: Called Strike
0-2: Ball
1-2: Foul Ball, location: 2F
1-2: SINGLE (Groundball, 6MD)
Danny Crouch to third
Runner from 3rd tries for Home, throw and OUT!
Top of the 10th over - 0 run(s), 2 hit(s), 0 error(s), 1 left on base; Santa Monica 7 - Las Vegas 7
BOTTOM OF THE 10TH
Las Vegas Stars batting - Pitching for Santa Monica Bruins : RHP Dae-hee Ch'oe
Pinch Hitting: RHB Shih-k'ai Huang 0-0: Hit by Pitch
Batting: RHB Jeremy Atkins 0-0: Called Strike
0-1: Foul Ball, location: 2F
0-2: Ball
1-2: Strikes out swinging
Batting: LHB Evan Slootweg 0-0: Called Strike
0-1: Swinging Strike
0-2: Ball
Shih-k'ai Huang is caught stealing 2nd base
1-2: Ball
2-2: Strikes out swinging
Bottom of the 10th over - 0 run(s), 0 hit(s), 0 error(s), 0 left on base; Santa Monica 7 - Las Vegas 7
TOP OF THE 11TH
Santa Monica Bruins batting - Pitching for Las Vegas Stars : RHP John Corrigan
Pitching: RHP Mike Drader
Now at SS: Kelly Jones
Batting: LHB Matsusuke Yamasaki 0-0: Foul Ball, location: 2F
0-1: Foul Ball, location: 2F
0-2: Strikes out looking
Batting: LHB Juan Sánchez 0-0: Ball
1-0: Ball
2-0: Called Strike
2-1: Foul Ball, location: 2F
2-2: Ball
3-2: SOLO HOME RUN (Flyball, 9D), Distance : 399 ft
Batting: RHB Juan Acuña 0-0: Called Strike
0-1: Fly out, F8 (Line Drive, 8LM)
Batting: RHB Beco Lombo 0-0: Called Strike
0-1: Ball
1-1: Fly out, F9 (Popup, 34D)
Top of the 11th over - 1 run(s), 1 hit(s), 0 error(s), 0 left on base; Santa Monica 8 - Las Vegas 7
BOTTOM OF THE 11TH
Las Vegas Stars batting - Pitching for Santa Monica Bruins : RHP Dae-hee Ch'oe
Pitching: RHP Manuel López
Now at 1B: Bill Savage
Now at 2B: Kuniaki Kawashima
Batting: LHB Eliot Helen 0-0: Foul Ball, location: 2F
0-1: Ball
1-1: Ground out 1-3 (Groundball, 13)
Batting: LHB Parker Marshall 0-0: Fly out, F8 (Flyball, 8RS)
Batting: SHB Santiago Farías 0-0: Swinging Strike
0-1: Ball
1-1: Swinging Strike
1-2: Ground out 6-3 (Groundball, 6)
Bottom of the 11th over - 0 run(s), 0 hit(s), 0 error(s), 0 left on base; Santa Monica 8 - Las Vegas 7
This league is powered by Out of the Park Baseball, the baseball management simulation game for PC, Mac and Linux
Wednesday, December 2nd, 2015 - OOTP Baseball 16.8 Build 38